 Dungeon Crawl Stone Soup version 0.31-a0-840-g6d2ecbb638 (webtiles) character file.

Game seed: 18320702273556556482

21 BinkBink the Digger (level 2, -1/15 HPs)
             Began as a Deep Elf Earth Elementalist on Sept 27, 2023.
             Slain by Robin
             ... wielding a +2 short sword of venom
              (6 damage)
             ... on level 2 of the Dungeon.
             The game lasted 00:01:53 (1137 turns).

BinkBink the Digger (Deep Elf Earth Elementalist)   Turns: 1137, Time: 00:01:54

Health: -1/15      AC:  2    Str:  5    XL:     2   Next: 62%
Magic:  0/8        EV: 12    Int: 19    God:
Gold:   103        SH:  0    Dex: 15    Spells: 7/8 levels left

rFire   . . .        j - staff of conjuration
rCold   . . .        (no shield)
rNeg    . . .        a - +0 robe
rPois   .            (no helmet)
rElec   .            (no cloak)
rCorr   .            (no gloves)
SInv    .            (no boots)
Will    .....        (no amulet)
Stlth   ++           (no ring)
HPRegen 0.22/turn    (no ring)
MPRegen 0.11/turn

%: no passive effects
@: no status effects
A: no striking features
a: no special abilities


You were on level 2 of the Dungeon.
You visited 1 branch of the dungeon, and saw 2 of its levels.

You collected 103 gold pieces.

Inventory:

Armour
 a - a +0 robe (worn)
Magical Staves
 j - a staff of conjuration (weapon)
Jewellery
 k - a ring of poison resistance
Scrolls
 e - a scroll of teleportation {unknown}
 h - a scroll of blinking {unknown}
Potions
 b - a potion of magic
 d - 2 potions of lignification {unknown}
 f - 2 potions of enlightenment {unknown}
 g - a potion of attraction {unknown}
 i - a potion of might {unknown}


   Skills:
 - Level 2.4 Dodging
 - Level 2.4 Stealth
 + Level 3.6 Spellcasting
 + Level 1.9 Transmutations
 + Level 3.6 Earth Magic


You had 7 spell levels left.
You knew the following spells:

 Your Spells              Type           Power      Damage    Failure   Level
a - Sandblast             Erth           34%        2d9       3%          1

Your spell library contained the following spells:

 Spells                   Type           Power      Damage    Failure   Level
 Passwall                 Tmut/Erth      11%        N/A       7%          2
 Stone Arrow              Conj/Erth      30%        3d8       21%         3
 Scorch                   Fire           6%         2d5       22%         2
 Petrify                  Tmut/Erth      14%        N/A       41%         4
 Brom's Barrelling Bould  Conj/Erth      15%        2d4       56%         4
 Leda's Liquefaction      Hex/Erth       5%         N/A       56%         4
 Lee's Rapid Deconstruct  Erth           8%         3d7*      65%         5
 Flame Wave               Conj/Fire      5%         2d5       82%         4
 Bombard                  Conj/Erth      7%         9d2       100%        6
 Summon Cactus Giant      Summ           1%         N/A       100%        6


Dungeon Overview and Level Annotations

Branches:
Dungeon (2/15)

Altars:

Annotations:
D:2 Robin


Message History

The hobgoblin barely misses you. The goblin completely misses you.
Robin throws the goblin at you! The hobgoblin barely misses you.
The goblin hits you but does no damage. The goblin closely misses you.
Your magical contamination has completely faded away.
Unknown command.
Casting: Sandblast (safe; 3% risk of failure)
Confirm with . or Enter, or press ? or * to list all spells.
Aiming: Sandblast (safe; 3% risk of failure)
Press: ? - help, Shift-Dir - straight line, f/p - Robin
Aim: Robin, wielding a +2 short sword of venom, wearing a +0 animal skin and wearing the +2 helmet of Ophuaqal {+Blink SInv} (almost dead, 87% to hit)
The blast of sand hits Robin but does no damage.
Robin is almost dead.
The goblin hits you with a +0 dagger. The goblin completely misses you.
The hobgoblin completely misses you. The goblin closely misses you.
Robin closely misses you.
Casting: Sandblast (safe; 3% risk of failure)
Confirm with . or Enter, or press ? or * to list all spells.
Aiming: Sandblast (safe; 3% risk of failure)
Press: ? - help, Shift-Dir - straight line, f/p - Robin
Aim: Robin, wielding a +2 short sword of venom, wearing a +0 animal skin and wearing the +2 helmet of Ophuaqal {+Blink SInv} (almost dead, 87% to hit)
The blast of sand misses Robin.
The blast of sand hits the goblin!
You kill the goblin!
Robin barely misses you.
Unknown command.
Casting: Sandblast (safe; 3% risk of failure)
Confirm with . or Enter, or press ? or * to list all spells.
Aiming: Sandblast (safe; 3% risk of failure)
Press: ? - help, Shift-Dir - straight line, f/p - Robin
Aim: Robin, wielding a +2 short sword of venom, wearing a +0 animal skin and wearing the +2 helmet of Ophuaqal {+Blink SInv} (almost dead, 87% to hit)
The blast of sand hits Robin but does no damage.
Robin is almost dead.
The goblin no longer looks unusually strong.
Robin hits you with a +2 short sword of venom.
Robin throws the goblin at you!
The air fills with toxic fumes!
As you read the scroll labelled PITOUNO RULYQI, it crumbles to dust.
It was a scroll of poison.
The goblin closely misses you.
Robin hits you with a +2 short sword of venom.
You die...
Robin says, "And that's why I'm the boss."

#.#####.# ........#
.#####..# .# #..# ## #..#
# #..# #..#
#.(#################[
######...§§§§§§g@ggg§§§§.$
......>†.§§##§####§######
.#####.###.#.....g.§§.....
...# #...†..†.##....§#####
...###........##.....#
..............##.....#
...#....†.....##.....#
.....#........####..##
.#####........# #..#


You could see Robin, a hobgoblin (strong) and 2 goblins.

Vanquished Creatures
  A worm (D:2)
  2 endoplasms (D:1)
  A giant cockroach (D:1)
  4 goblins (D:2)
  A quokka (D:1)
  2 ball pythons
  2 bats
  A kobold (D:1)
  4 rats
18 creatures vanquished.

Notes
Turn   | Place    | Note
-------+----------+-------------------------------------------
     0 | D:1      | BinkBink the Deep Elf Earth Elementalist began the quest
                  | for the Orb.
     0 | D:1      | Reached XP level 1. HP: 10/10 MP: 6/6
   519 | D:1      | Reached XP level 2. HP: 15/15 MP: 6/8
  1125 | D:2      | Identified the +2 helmet of Ophuaqal {+Blink SInv}
  1125 | D:2      | Noticed Robin
  1137 | D:2      | Slain by Robin

Illustrated notes

Levels and vault maps discovered:
D:1:      saegor_arrival_simple_e, layout_loops_ring, minmay_crystal_water
D:2:      layout_loops_ring, uniq_natasha, uniq_robin

Action                     || total
---------------------------++-------
   Cast: Sandblast         ||    26
    Use: Scroll            ||     1
 Armour: Robe              ||     8
  Dodge: Dodged            ||    16

Table legend: (Time is in decaauts)
 A = Elapsed time spent in this place.
 B = Non-inter-level travel time spent in this place.
 C = Inter-level travel time spent in this place.
 D = Time resting spent in this place.
 E = Time spent auto-exploring this place.
 F = Levels seen in this place.
 G = Mean time per level.
                   A        B        C        D        E       F      G
               +--------+--------+--------+--------+--------+-----+--------+
         Total |   1151 |   1125 |     26 |      0 |   1013 |   2 |  575.5 |
       Dungeon |   1151 |   1125 |     26 |      0 |   1013 |   2 |  575.5 |
               +--------+--------+--------+--------+--------+-----+--------+

Top non-repeatable levels by time:
     D:1: 908 daAuts
     D:2: 242 daAuts
